Map: Dreamcatcher LE

Players

ShoWTimE

  • Race: Protoss Protoss
  • Spawn Location: 5:00

Bunny - Winner!

  • Race: Terran Terran
  • League: Diamond
  • Spawn Location: 11:00

Event: HomeStory Cup XVIII

VOD

Have the link to the VOD?

Description

Time

  • Played on: Nov. 24, 2018, 10:30 a.m.
  • Length: 10:08

All games in this series

Show
View Real Time Build Order
Export as new Build Order

ShoWTimE Protoss 

Build Orders: 1 Gate Expand, Oracle Opening 

Get SALT Encoding   

  12  0:00  Probe  
  13  0:12  Probe  
  14  0:17  Pylon  
  14  0:24  Probe  
  15  0:32  Probe  
  15  0:38  Gateway  
  15  0:40  Probe  
  16  0:47  Assimilator  
  17  0:51  Probe  
  18  1:03  Probe  
  19  1:15  Probe  
  20  1:26  Nexus  
  20  1:36  Cybernetics Core  
  20  1:39  Probe  
  21  1:44  Assimilator  
  21  1:51  Probe  
  22  1:54  Pylon  
  22  2:03  Probe  
  22  2:04  Adept  
  23  2:15  Probe  
  26  2:18  Stargate  
  26  2:22  Adept  
  26  2:24  Warp Gate  
  26  2:27  Probe  
  27  2:34  Probe  
  29  2:39  Probe  
  29  2:42  Probe  
  31  2:48  Adept  
  34  2:51  Probe  
  34  2:52  Oracle, Probe  
  36  3:03  Probe  
  36  3:05  Probe  
  41  3:10  Pylon  
  41  3:16  Probe  
  41  3:17  Probe  
  43  3:21  Oracle  
  43  3:30  Gateway  
  43  3:34  Gateway  
  46  3:36  Probe x2  
  48  3:43  Pylon  
  48  3:48  Probe x2  
  48  3:55  Oracle  
  50  4:00  Probe  
  50  4:01  Probe  
  55  4:03  Assimilator  
  55  4:05  Assimilator  
  55  4:12  Probe  
  55  4:13  Probe  
  57  4:22  Pylon  
  57  4:25  Forge, Probe x2  
  57  4:28  Twilight Council  
  58  4:37  Probe  
  58  4:38  Probe  
  60  4:41  Stalker x3  
  60  4:42  Blink  
  60  4:44  Protoss Ground Weapons Level 1  
  66  4:49  Pylon  
  66  4:57  Nexus  
  66  4:58  Probe x2  
  68  5:10  Probe  
  69  5:14  Sentry  
  69  5:17  Probe  
  69  5:19  Sentry  
  74  5:23  Probe  
  74  5:27  Gateway  
  72  5:29  Probe  
  72  5:32  Sentry  
  72  5:34  Gateway  
  75  5:36  Gateway  
  75  5:41  Probe  
  75  5:42  Probe  
  77  5:55  Pylon  
  77  5:56  Gateway  
  77  5:57  Gateway  
  77  5:59  Pylon  
  77  6:09  Probe x3, Stalker  
  77  6:10  Stalker x2  
  86  6:15  Charge  
  86  6:16  Pylon  
  86  6:29  Stalker, Pylon  
  86  6:30  Stalker x2  
  92  6:35  Pylon  
  92  6:37  Stalker  
  92  6:38  Protoss Ground Armor Level 1  
  94  6:41  Stalker x2  
  98  6:50  Stalker  
  98  6:56  Pylon  
  98  7:01  Stalker x4  
  104  7:12  Stalker x3  
  108  7:23  Zealot  
  108  7:24  Zealot x4  
  108  7:28  Pylon  
  118  7:32  Pylon  
  118  7:36  Zealot x3  
  124  7:44  Pylon  
  124  7:46  Zealot x4  
  125  8:00  Zealot x4  
  113  8:10  Zealot  
  113  8:11  Zealot x3  
  75  8:22  Stalker x4  
  83  8:35  Sentry  
  83  8:36  Zealot x2, Sentry  
  91  8:46  Stalker x2  
  95  8:51  Zealot x2  
  95  8:55  Pylon  
  99  9:02  Zealot x4  
  105  9:10  Zealot x2  
  105  9:18  Zealot x2  
  99  9:24  Zealot x2  
  99  9:25  Zealot x2  
  100  9:33  Zealot x2  
  104  9:42  Stalker  
  104  9:43  Stalker, Templar Archives  
  108  9:50  Zealot x4  
  102  9:58  Zealot x2  
Show
View Real Time Build Order
Export as new Build Order

Bunny Terran - Winner!

Build Orders:  

Get SALT Encoding   

  12  0:01  SCV  
  13  0:13  SCV  
  14  0:17  Supply Depot  
  14  0:25  SCV  
  15  0:29  Refinery  
  15  0:39  SCV  
  16  0:45  Barracks  
  16  0:51  SCV  
  17  1:03  SCV  
  18  1:16  SCV  
  19  1:32  Orbital Command, Reaper  
  20  1:48  Command Center  
  20  1:58  Factory  
  20  2:02  SCV  
  20  2:06  Barracks Reactor  
  21  2:11  Supply Depot  
  21  2:14  SCV  
  22  2:18  Refinery  
  22  2:26  SCV  
  23  2:38  SCV  
  23  2:43  Starport  
  24  2:50  SCV, Hellion x2  
  29  2:59  Orbital Command  
  29  3:02  SCV, Barracks Tech Lab  
  30  3:11  Widow Mine  
  32  3:13  Widow Mine  
  32  3:14  SCV  
  32  3:19  Medivac  
  37  3:25  SCV  
  37  3:26  SCV  
  40  3:32  Widow Mine  
  41  3:34  Widow Mine  
  41  3:36  Supply Depot  
  41  3:40  SCV x2  
  44  3:49  Viking  
  46  3:57  SCV x2, Widow Mine  
  46  3:58  Marine, Supply Depot  
  51  4:09  SCV x2, Stimpack  
  53  4:17  Barracks  
  53  4:18  Marine  
  53  4:21  Bunker  
  54  4:27  Factory Tech Lab, Barracks  
  54  4:28  Starport Reactor  
  54  4:29  SCV x2  
  56  4:38  Engineering Bay  
  56  4:40  Marine  
  56  4:43  SCV x2  
  57  4:46  Siege Tank  
  57  4:48  Supply Depot  
  57  4:51  Refinery  
  60  4:55  SCV x2  
  62  5:04  Supply Depot  
  62  5:05  Terran Infantry Weapons Level 1  
  62  5:10  SCV x2, Marine  
  62  5:11  Missile Turret, Marine  
  62  5:12  Marine  
  67  5:15  Starport Reactor  
  67  5:22  SCV x2  
  67  5:23  Marine  
  67  5:24  Supply Depot  
  67  5:25  Marine  
  67  5:27  Marine  
  72  5:29  Marine x2  
  72  5:31  Siege Tank  
  77  5:36  Refinery, Supply Depot  
  77  5:41  Marine, Supply Depot  
  76  5:43  Marine  
  76  5:45  Marine  
  78  5:50  Supply Depot  
  78  5:52  Medivac x2  
  78  5:53  Marine x2  
  84  6:03  Barracks  
  84  6:04  Marine x3, Barracks  
  85  6:09  Siege Tank  
  85  6:11  Marine  
  90  6:14  Supply Depot  
  90  6:15  Combat Shield  
  91  6:21  SCV x2  
  91  6:22  Medivac  
  95  6:31  Marine x4  
  100  6:36  Supply Depot  
  100  6:37  Medivac  
  101  6:42  Siege Tank  
  104  6:49  Marine  
  104  6:50  Marine x2  
  104  6:52  Barracks Tech Lab, Barracks Reactor  
  107  6:55  Marauder, Supply Depot x2  
  107  7:01  Marine  
  107  7:07  Marine x2  
  107  7:08  Medivac  
  110  7:10  Marine  
  110  7:11  Marine  
  110  7:17  Marauder, Medivac  
  110  7:21  Marine  
  115  7:24  Supply Depot  
  115  7:25  Marine x2, Concussive Shells  
  115  7:29  Marauder  
  119  7:34  Siege Tank  
  122  7:38  Marine x3  
  122  7:41  Marauder  
  127  7:46  Supply Depot  
  127  7:50  Marauder  
  129  7:51  Medivac  
  129  7:52  Marine  
  129  7:53  Bunker  
  129  7:54  Marine  
  131  8:01  Marine  
  131  8:04  Marine  
  111  8:06  Siege Tank  
  111  8:07  Medivac  
  111  8:09  Marine  
  111  8:10  Marine  
  99  8:15  Marauder  
  99  8:17  Marine x2  
  93  8:23  Marine  
  93  8:24  Marine  
  93  8:25  Medivac  
  97  8:31  Marauder  
  97  8:32  Marine  
  97  8:33  Marine  
  101  8:36  Marauder  
  101  8:38  Marine x2  
  105  8:43  Siege Tank  
  108  8:52  Marine x3, Marauder  
  108  8:55  Marine  
  114  8:56  Marine  
  114  8:57  Marauder  
  113  9:15  Marauder  
  108  9:17  Marine x6  
  108  9:19  Marauder  
  108  9:21  Medivac  
  105  9:35  Marine x6  
  105  9:36  Marine  
  108  9:40  Marine  
Tags
 
Add a new tag
Caveats
  • Supply blocks, unpowered buildings, or Contaminate may cause inaccurate times.
  • Supply counts are checked every 10 seconds.